Map: Torches LE

Players

Sindyr - Winner!

  • Race: Zerg Zerg
  • League: Master
  • Spawn Location: 5:00

Alex

  • Race: Terran Terran
  • League: Master
  • Spawn Location: 1:00

VOD

Have the link to the VOD?

Description

Time

  • Played on: Oct. 10, 2025, 10:46 a.m.
  • Length: 12:37
Show
View Real Time Build Order
Export as new Build Order

Sindyr Zerg - Winner!

Build Orders: Hatch First 

Get SALT Encoding   

  12  0:02  Drone  
  13  0:12  Overlord  
  13  0:21  Drone  
  14  0:31  Drone x2  
  16  0:52  Hatchery, Drone  
  16  0:55  Drone  
  17  1:01  Drone  
  17  1:04  Extractor  
  17  1:17  Spawning Pool  
  16  1:21  Drone  
  16  1:23  Drone  
  18  1:32  Drone  
  19  1:39  Drone  
  20  1:53  Overlord  
  20  2:04  Queen x2  
  20  2:08  Metabolic Boost  
  24  2:18  Drone x3  
  24  2:21  Drone  
  28  2:25  Drone  
  29  2:48  Queen  
  31  2:52  Overlord x2  
  31  2:57  Zergling x2  
  31  2:58  Zergling x6  
  35  3:04  Overlord  
  35  3:24  Lair  
  35  3:29  Roach Warren  
  34  3:57  Hatchery  
  34  4:00  Drone x5  
  34  4:02  Drone  
  39  4:05  Drone  
  39  4:08  Drone  
  41  4:10  Drone, Hatchery  
  41  4:29  Drone x5  
  41  4:30  Spire  
  45  4:31  Drone  
  46  4:39  Extractor  
  45  5:10  Extractor  
  45  5:12  Evolution Chamber  
  44  5:14  Evolution Chamber, Drone x3  
  45  5:25  Queen  
  47  5:29  Queen  
  49  5:40  Hydralisk Den  
  49  5:42  Drone x3  
  51  5:45  Drone x2  
  51  5:46  Drone x3  
  51  5:47  Drone  
  57  5:57  Nydus Network  
  57  5:59  Drone  
  57  6:00  Drone  
  57  6:03  Extractor  
  57  6:12  Drone  
  57  6:13  Drone x13  
  57  6:14  Drone  
  57  6:15  Overlord x3  
  72  6:55  Zerg Missile Weapons Level 1  
  72  6:56  Zerg Ground Armor Level 1  
  72  6:57  Hydralisk x9  
  72  6:58  Hydralisk  
  92  7:13  Drone x4  
  92  7:15  Overlord x5  
  96  7:16  Overlord  
  96  7:20  Zerg Flyer Weapons Level 1  
  96  7:49  Extractor  
  95  7:52  Extractor  
  95  7:57  Drone x18  
  112  7:58  Drone x2  
  112  7:59  Drone x2  
  112  8:05  Overseer x2  
  116  8:11  Infestation Pit  
  115  8:13  Extractor  
  115  8:14  Extractor  
  113  8:50  Hive  
  113  8:51  Zerg Missile Weapons Level 2, Zerg Ground Armor Level 2  
  113  9:15  Zerg Flyer Armor Level 1  
  113  9:28  Spire  
  112  9:39  Overlord x2  
  112  9:40  Overlord x4  
  112  9:49  Hatchery  
  111  10:24  Overseer  
  111  10:37  Hatchery  
  110  10:52  Mutalisk  
  110  10:53  Mutalisk x22  
  110  10:55  Mutalisk  
  110  10:57  Zergling x34  
  159  10:58  Zergling x18  
  184  11:32  Overlord x3  
  184  11:51  Nydus Canal  
  199  12:34  Nydus Canal  
Show
View Real Time Build Order
Export as new Build Order

Alex Terran 

Build Orders:  

Get SALT Encoding   

  12  0:00  SCV  
  13  0:17  SCV  
  14  0:26  Supply Depot  
  14  0:29  SCV  
  15  0:48  SCV  
  16  0:50  Barracks  
  16  0:55  Refinery  
  16  1:00  SCV  
  17  1:12  SCV  
  18  1:24  SCV  
  19  1:36  SCV  
  20  1:49  SCV  
  20  1:51  Marine  
  22  1:56  Refinery  
  22  1:59  Command Center  
  22  2:01  SCV  
  23  2:19  Supply Depot  
  23  2:26  Factory  
  23  2:33  Orbital Command  
  23  2:40  Barracks Reactor  
  23  2:45  Supply Depot  
  23  3:03  SCV  
  24  3:13  SCV  
  24  3:15  SCV  
  24  3:18  Factory Tech Lab  
  26  3:25  SCV  
  26  3:26  Starport  
  27  3:27  SCV  
  28  3:37  Command Center, SCV  
  29  3:43  Siege Tank  
  29  3:46  Marine  
  29  3:47  Marine  
  34  3:49  SCV  
  34  3:53  SCV  
  36  4:01  SCV  
  37  4:03  Engineering Bay  
  37  4:05  SCV  
  37  4:07  Starport Tech Lab  
  38  4:13  SCV  
  39  4:17  SCV  
  39  4:22  Siege Tank  
  39  4:23  Fusion Core  
  43  4:25  SCV  
  44  4:35  Supply Depot  
  44  4:37  Hi-Sec Auto Tracking, SCV  
  45  4:45  Marine x2  
  46  4:49  SCV  
  48  4:53  Bunker  
  48  4:56  Orbital Command  
  48  5:01  Refinery  
  48  5:02  SCV, Marine  
  48  5:03  SCV, Marine, Refinery  
  52  5:14  SCV  
  53  5:15  SCV  
  53  5:20  Marine  
  53  5:21  Armory, Marine  
  55  5:25  Bunker  
  55  5:27  Supply Depot  
  56  5:34  Neosteel Armor, SCV  
  57  5:37  Refinery  
  57  5:46  SCV  
  58  5:55  Siege Tank  
  58  5:56  Bunker  
  61  6:01  Command Center  
  61  6:04  Supply Depot  
  61  6:07  Weapon Refit  
  61  6:15  Missile Turret  
  61  6:26  SCV x2, Bunker  
  61  6:27  Siege Tank  
  66  6:35  Planetary Fortress  
  66  6:38  SCV  
  66  6:39  SCV, Missile Turret  
  68  6:42  Supply Depot  
  68  6:46  Terran Vehicle Weapons Level 1  
  68  6:47  Armory  
  68  6:50  SCV  
  68  6:51  SCV  
  70  6:56  Barracks  
  70  7:02  SCV  
  70  7:03  SCV  
  70  7:05  Bunker  
  70  7:06  Ghost Academy  
  72  7:14  SCV  
  72  7:15  SCV  
  74  7:21  Planetary Fortress  
  74  7:23  Missile Turret  
  74  7:27  Missile Turret  
  74  7:31  Supply Depot  
  74  7:32  Terran Infantry Weapons Level 1  
  74  7:36  Marine x2, Missile Turret  
  76  7:41  SCV  
  77  7:48  Missile Turret  
  77  7:49  SCV  
  77  7:50  SCV  
  79  7:53  SCV  
  79  7:54  Marine x2  
  79  7:55  Ghost Academy  
  82  8:01  SCV  
  82  8:02  SCV  
  84  8:06  Missile Turret  
  84  8:11  Marine  
  84  8:12  Marine  
  86  8:14  SCV x2  
  88  8:26  SCV x2  
  90  8:29  Marine  
  90  8:30  Marine  
  90  8:31  SCV  
  90  8:32  Refinery  
  93  8:36  Refinery  
  93  8:38  SCV x2  
  95  8:42  Missile Turret x2  
  95  8:44  SCV, Supply Depot  
  96  8:49  Ghost Academy  
  96  8:50  SCV x2, Starport  
  98  8:56  SCV  
  98  9:00  Barracks  
  98  9:02  SCV x2  
  100  9:08  SCV  
  102  9:14  SCV  
  102  9:15  SCV  
  102  9:16  Command Center  
  104  9:18  Missile Turret  
  104  9:20  SCV  
  105  9:26  SCV  
  105  9:27  SCV  
  107  9:32  SCV  
  107  9:35  Marine x2  
  111  9:38  SCV  
  111  9:39  SCV  
  111  9:42  Barracks Reactor  
  111  9:44  SCV  
  113  9:46  Missile Turret  
  113  9:49  Barracks  
  113  9:50  SCV, Missile Turret  
  113  9:51  SCV  
  115  9:53  Marine x2, Starport Tech Lab  
  115  9:56  SCV  
  115  9:58  Starport  
  118  10:02  Personal Cloaking  
  118  10:03  Nuke x2  
  118  10:06  Supply Depot  
  118  10:08  SCV  
  118  10:10  Marine  
  118  10:11  Marine  
  121  10:21  Terran Vehicle And Ship Armor Level 1  
  121  10:22  Terran Ship Weapons Level 1  
  121  10:24  Terran Infantry Armor Level 1  
  121  10:25  Starport  
  121  10:26  Barracks Tech Lab  
  121  10:28  Marine  
  121  10:29  Marine  
  123  10:38  Ghost Academy  
  123  10:39  Barracks  
  123  10:41  Starport Tech Lab  
  123  10:42  Ghost Academy  
  123  10:48  Refinery, Planetary Fortress  
  123  10:51  Refinery  
  123  10:54  Missile Turret  
  123  10:59  Siege Tank  
  126  11:04  Missile Turret  
  126  11:13  Starport, Starport Tech Lab  
  126  11:14  Starport  
  126  11:24  Barracks Tech Lab  
  126  11:28  Nuke  
  126  11:31  Siege Tank, Barracks Reactor  
  129  11:42  Missile Turret  
  129  11:43  Missile Turret  
  129  11:53  Starport, Starport Tech Lab  
  129  11:54  Starport Tech Lab  
  129  11:59  Marine x6  
  135  12:03  Siege Tank  
  130  12:17  Marine x6  
Tags
 
Matchup
TvZ
Replay Pack
Multiplayer
Spawn Locations
Close Positions
Add a new tag
Caveats
  • Supply blocks, unpowered buildings, or Contaminate may cause inaccurate times.
  • Supply counts are checked every 10 seconds.